Unix NetHack Version 3.7.0-53 Work-in-progress - last build Apr 11 2022 03:59:15 (1e4a17dd8e4cd83bd3ef5d46a59529246cfc2aae,branch:master). Game began 2022-04-11 11:27:42, ended 2022-04-13 08:10:33. elenmirie, neutral female human Tourist }}}}}}}}}}}}}}}}}}}}}}}}}}}}}}}}}}}}}}}}}}}}}}}}}}}}}}}}}}}}}}}}}}}}}}}}}}} }}}}}}}}}}}}}}}}}}}}}}}}}}}}}}}}}}}}}}}}}}}}}}}}}}}}}}}}}}}}}}}}}}} }}.}}}}}..}}}}}.....Y}}}}}}}}}}}}}}}}}}}}}}}}}}}}}}}}}}}}}} }..*}}.....}}}}}....}}}}}}}}}}}}}}}}}}}}}}}}}}}}}}} }....}}}}}}}}}}....}}}..}}}}}}}}}}}.......} }....}}}}}}}}.....}}}}..}}}}}}[..?. }....}}}}}}}}}}}}.}}}}.}}}}}}.- }....}}}}}}}}}}}}}}}}}}.}}}...| }.....}.}}....}}}}}}}}}.}}....--------+---- }.^....}}}}..}}}}}}}}}}}}}^......[|@@M@...| }.....}}}}}}}}}}}}}}}}}}}}........|@@T...@| }....*}}}}}}}}}}}}}}}}}}}}....--------+---- }.......}}}}}}}}}}}}}}}}}}}...| }...*.*.}}}}}}}..}}}}}}}}}}}}.----------------- }}}}}....}}}}}} .....<...}}.}}....}}}}}}}}}}}}..............B..}}}}}..}}}}}}}}}.......}}}}} }.......}}}}}}}......}}}}}}}}}}}}}}.......}}}}}}}}}..*..}}}}}}o..}}=.}}}}}} }.....}}}}}}}}}}}.....}}}}}}}}}}}}}}}}}}}}}}.}}}}}}}..}}}}}}}}}}....}}}}}}} }}..}}}}}}}}}}}}}.N..}}}}}}}}}}}}}}}}}}}}}}...}}..}}}}}}}.}}.}}}}..}}}}}}}} }}}}}}}}}}}}}}}}}}}}}}}}}}}}}}}}}}}}}}}}}}}}}}}}}}}}}}}}}}}}}}}}}}}}}}}}}}} }}}}}}}}}}}}}}}}}}}}}}}}}}}}}}}}}}}}}}}}}}}}}}}}}}}}}}}}}}}}}}}}}}}}}}}}}}} Elenmirie the Peregrinatrix St:18/30 Dx:16 Co:18 In:14 Wi:10 Ch:15 Neutral Dlvl:23 $:293 HP:0(110) Pw:44(44) AC:-16 Xp:12/27233 T:24451 Satiated Fly Latest messages: You hit the hill orc! You kill the hill orc! The magic-absorbing blade stuns the hill orc! You kill the hill orc! The magic-absorbing blade probes the hill orc! You kill the hill orc! You see here an iron skull cap. You try to move the boulder, but in vain. The magic-absorbing blade stuns the blue jelly! You feel a mild chill. You kill the blue jelly! You see here a blue jelly corpse. $ - 27 gold pieces. A rock piercer suddenly drops from the ceiling! You are almost hit by a falling rock piercer! The magic-absorbing blade probes the rock piercer! You kill the rock piercer! You see here a wand called slow. G - a wand called slow. What do you want to drop? [$abd-km-qs-uw-zBGHKLPUX-Z or ?*] G You drop a wand called slow. The Olog-hai hits! The Olog-hai hits! The Olog-hai bites! You hit the Olog-hai! The Olog-hai misses! The Olog-hai hits! The Olog-hai bites! The magic-absorbing blade scares the Olog-hai! The Olog-hai turns to flee. The magic-absorbing blade probes the Olog-hai! The magic-absorbing blade stuns the Olog-hai! The magic-absorbing blade stuns the Olog-hai! You kill the Olog-hai! You see here an Olog-hai corpse. You try to move the boulder, but in vain. You try to move the boulder, but in vain. What do you want to use or apply? [bdein-ptuwxzHPZ or ?*] p You produce a strange whistling sound. Coco appears next to you! You fly up the stairs. There is a staircase down to level 24 here. You see here a statue of a knight named Perseus. You meet Medusa's gaze. You turn to stone... Do you want your possessions identified? [ynq] (y) y Do you want to see your attributes? [ynq] (y) y Do you want an account of creatures vanquished? [ynaq] (y) y Do you want to see your conduct and achievements? [ynq] (y) y Do you want to see the dungeon overview? [ynq] (y) y Major events: Turn 1: elenmirie the neutral female human Tourist entered the dungeon 565: entered the Gnomish Mines 1248: attained the rank of Sightseer (level 3) 4847: bestowed with Magicbane by The Lady 5201: attained the rank of Excursionist (level 6) 7336: reached Mine Town 9708: entered Sokoban 10008: completed sokoban 1 10464: completed sokoban 2 10833: completed sokoban 3 12001: completed sokoban 4 12282: attained the rank of Peregrinatrix (level 10) 12354: acquired the Sokoban bag of holding 14114: acquired the Mines' End luckstone 15931: destroyed Gandelf's ghost, the former Initiate 16405: entered the Bigroom 24451: petrified by Medusa Inventory: Coins $ - 293 gold pieces Amulets k - an uncursed amulet of flying (being worn) Weapons q - 10 blessed +4 daggers (at the ready) a - the blessed rustproof +6 Magicbane (weapon in hand) Armor K - a blessed +1 elven leather helm (being worn) j - a cursed -1 pair of gauntlets of fumbling Y - an uncursed +2 pair of leather gloves (being worn) s - an uncursed burnt +0 pair of elven boots (being worn) g - an uncursed +0 pair of speed boots X - a blessed +4 dwarvish cloak (being worn) h - a blessed +3 Hawaiian shirt with a tropical fish motif (being worn) y - a blessed +1 white dragon scale mail (being worn) Comestibles L - an uncursed lizard corpse Rings m - an uncursed ring of see invisible (on right hand) U - an uncursed ring of shock resistance (on left hand) B - an uncursed ring of teleport control Wands Z - an uncursed wand of cancellation (0:4) b - an uncursed wand of cold (0:8) t - an uncursed wand of digging (0:6) d - an uncursed wand of digging (0:4) H - an uncursed wand of sleep (0:4) o - an uncursed wand of striking (0:5) z - an uncursed wand of teleportation (0:5) Tools w - a blessed bag of holding containing 95 items n - an uncursed bugle i - an uncursed expensive camera (0:61) e - an uncursed lock pick p - an uncursed magic whistle P - an uncursed stethoscope x - an uncursed towel u - a blessed +0 unicorn horn Gems/Stones f - a blessed luckstone Contents of the bag of holding: 9534 gold pieces an uncursed amulet of ESP an uncursed amulet of magical breathing 10 blessed +4 daggers an uncursed +0 silver saber 4 uncursed food rations 8 uncursed food rations an uncursed lembas wafer 19 uncursed lumps of royal jelly 2 uncursed tripe rations a blessed scroll of blank paper 6 uncursed scrolls of blank paper 3 cursed scrolls of blank paper an uncursed scroll of confuse monster 3 uncursed scrolls of confuse monster a blessed scroll of create monster an uncursed scroll of create monster 3 uncursed scrolls of create monster a cursed scroll of create monster 3 uncursed scrolls of destroy armor 3 uncursed scrolls of earth a cursed scroll of earth a cursed scroll of enchant weapon an uncursed scroll of fire a blessed scroll of food detection 2 cursed scrolls of food detection a cursed scroll of genocide an uncursed scroll of gold detection a blessed scroll of identify an uncursed scroll of identify 2 blessed scrolls of light an uncursed scroll of light a cursed scroll of light a blessed scroll of magic mapping a blessed scroll of magic mapping an uncursed scroll of magic mapping 5 uncursed scrolls of magic mapping 2 uncursed scrolls of remove curse a cursed scroll of remove curse an uncursed scroll of scare monster a blessed scroll of teleportation 4 uncursed scrolls of teleportation 6 uncursed scrolls of teleportation a cursed scroll of teleportation a blessed potion of blindness an uncursed potion of booze a blessed potion of confusion an uncursed potion of confusion 4 uncursed potions of extra healing a blessed potion of fruit juice a blessed potion of full healing 2 uncursed potions of gain energy 2 uncursed potions of gain energy 3 uncursed potions of hallucination 2 uncursed potions of healing a cursed potion of invisibility a cursed potion of levitation an uncursed potion of oil an uncursed potion of restore ability an uncursed potion of see invisible 5 potions of holy water an uncursed potion of water an uncursed potion of water a potion of unholy water an uncursed ring of cold resistance an uncursed ring of conflict a cursed ring of hunger a cursed ring of hunger a cursed ring of invisibility an uncursed ring of levitation a cursed ring of polymorph a cursed ring of polymorph an uncursed ring of polymorph control an uncursed ring of sustain ability an uncursed wand of cold (0:6) an uncursed wand of cold (0:4) an uncursed wand of create monster (0:12) an uncursed wand of create monster (0:10) an uncursed wand of death (0:2) a cursed wand of digging (0:2) an uncursed wand of light (0:15) an uncursed wand of magic missile (0:6) an uncursed wand of opening (0:6) an uncursed wand of polymorph (0:6) an uncursed wand of polymorph (0:4) an uncursed wand of sleep (0:2) an uncursed wand of slow monster (0:3) an uncursed wand of speed monster (0:4) an uncursed wand of striking (0:4) an uncursed wand of striking (0:4) an uncursed blindfold an uncursed credit card an uncursed oil lamp an uncursed +0 pick-axe an uncursed wax candle Elenmirie the Tourist's attributes: Background: You were a Peregrinatrix, a level 12 female human Tourist. You were neutral, on a mission for The Lady who was opposed by Blind Io (lawful) and Offler (chaotic). You were in the Dungeons of Doom, on level 23. You entered the dungeon 24451 turns ago. You had 27233 experience points, 12767 more were needed to attain level 13. Basics: You had 0 out of 110 hit points. You had all 44 energy points (spell power). Your armor class was -16. Your wallet contained 293 zorkmids. Autopickup was on for '$' plus thrown. Final Characteristics: Your strength was 18/30 (limit:18/100). Your dexterity was 16 (limit:18). Your constitution was 18 (limit:18). Your intelligence was 14 (limit:18). Your wisdom was 10 (limit:18). Your charisma was 15 (limit:18). Final Status: You were flying. You were satiated. You were unencumbered. You were wielding a dagger. You had expert skill with dagger. Final Attributes: You were piously aligned. You were magic-protected. You were cold resistant. Your items were protected from cold. You were sleep resistant. You were shock resistant. Your items were protected from electric shocks. You were poison resistant. You saw invisible. You were telepathic. You had automatic searching. You were stealthy. You had slower digestion. You had a small defense bonus (+4). You were warded. You were fast. You were lucky. You had extra luck. Good luck did not time out for you. You are dead. Miscellaneous: You encountered 1 bones level. Total elapsed playing time was 5 hours, 31 minutes and 4 seconds. Vanquished creatures: a white dragon a green dragon 2 minotaurs an Olog-hai a captain 2 liches a clay golem 2 black puddings a vampire 3 ghosts 2 queen bees 3 winged gargoyles 2 giant mimics a long worm a zruty 5 fire giants 3 ogre tyrants 2 ice trolls 2 doppelgangers 2 wumpuses 2 stalkers 2 fire elementals a water elemental 2 hill giants 2 black nagas a xorn 9 elf-nobles 11 sergeants 4 wargs 4 winter wolves 5 small mimics 4 xans 2 ogre leaders 2 quantum mechanics 5 trolls a sasquatch 2 wood golems a pyrolisk a large dog a flaming sphere a shocking sphere a large cat 5 tigers 2 gargoyles a dwarf ruler 3 tengu 4 ochre jellies a leocrotta 2 energy vortices 3 mountain centaurs 2 stone giants an elf mummy 2 human mummies a red naga 2 pythons a pit viper 4 wraiths a carnivorous ape an ettin zombie 2 leather golems 2 Grey-elves 41 soldiers a watchman 2 amorous demons 5 chameleons 6 giant beetles 3 quivering blobs 3 cockatrices 5 wolves a lynx 5 gremlins a spotted jelly 6 leprechauns 4 orc-captains 2 iron piercers a mumak 17 giant spiders 2 scorpions a horse a black light 3 vampire bats 6 forest centaurs 5 gnome rulers an orc mummy a dwarf mummy 4 brown puddings 2 rust monsters 5 yetis 2 gold golems a werewolf 4 Green-elves 3 lizards a chickatrice a dog 3 jaguars a dwarf leader 3 blue jellies 3 white unicorns a gray unicorn 2 black unicorns 6 dust vortices 3 ravens 5 plains centaurs 3 gnome mummies 2 water moccasins 2 apes 2 human zombies 3 Woodland-elves 3 soldier ants 3 fire ants 11 bugbears an imp 3 quasits 2 water nymphs 2 mountain nymphs 4 Mordor orcs 13 Uruk-hai 4 orc shamans 6 rock piercers a rock mole a pony 6 fog clouds 4 yellow lights 5 shriekers 3 violet fungi 14 gnome leaders 9 gnomish wizards 2 kobold mummies 2 black naga hatchlings a golden naga hatchling a guardian naga hatchling 3 gray oozes 3 barrow wights 7 elf zombies 5 straw golems 2 paper golems 5 giant ants 5 floating eyes 28 dwarves 6 homunculi 3 kobold leaders 3 kobold shamans 13 hill orcs 8 rothes a rabid rat 5 centipedes 2 giant bats 5 monkeys 4 orc zombies 2 dwarf zombies a wererat 5 werejackals 10 iguanas 80 killer bees 4 acid blobs 5 coyotes 5 gas spores 14 hobbits 5 manes 3 large kobolds 30 hobgoblins 12 giant rats 2 cave spiders a brown mold 7 yellow molds a green mold 3 red molds 66 gnomes 6 gnome zombies 13 geckos 13 jackals 2 foxes 5 kobolds 11 goblins 8 sewer rats 15 grid bugs 3 bats 8 lichens 2 kobold zombies 18 newts 896 creatures vanquished. No species were genocided or became extinct. Voluntary challenges: You read items or engraved 37 times. You never engraved Elbereth. You never genocided any monsters. You never polymorphed an object. You never changed form. You used no wishes. You did not violate any of the special Sokoban rules. Achievements: You entered the Gnomish Mines. You attained the rank of Sightseer. You attained the rank of Excursionist. You entered Minetown. You entered a shop. You entered a temple. You entered Sokoban. You attained the rank of Peregrinatrix. You completed Sokoban. You completed the Gnomish Mines. You entered the Big Room. The Dungeons of Doom: levels 1 to 24 Level 1: A fountain. Level 2: An altar to The Lady, a sink. Stairs down to The Gnomish Mines. Level 3: A sink. Level 4: Level 5: Many fountains. Oracle of Delphi. Level 6: An armor shop, a fountain. Stairs up to Sokoban, level 5. Level 7: Many altars. Level 8: An altar to The Lady, a grave. Final resting place for Gandelf-Mon-Hum-Mal-Neu, killed by an orc-captain, while fainted from lack of food. Level 9: A sink. Level 10: A fountain. Level 11: A very big room. Summoned by Twoflower. Portal to The Quest. Level 12: A fountain, a sink. Level 13: A fountain. Level 14: A temple to The Lady. Level 15: Some altars. Level 16: Level 17: A primitive area. Level 18: A sink. Level 19: Level 20: "lep hall" Some fountains. Level 21: A fountain. Level 22: Level 23: <- You were here. Final resting place for you, petrified by Medusa. Level 24: The Gnomish Mines: levels 3 to 10 Level 3: Level 4: Level 5: Level 6: Some shops, a temple, some fountains, a sink. Level 7: Level 8: Level 9: Level 10: The Quest: Level 1: Some graves. Home. Sokoban: levels 5 up to 2 Level 2: Solved. Level 3: Solved. Level 4: Solved. Level 5: Solved. Game over: ---------- / \ / REST \ / IN \ / PEACE \ / \ | elenmirie | | 9827 Au | | petrified by | | Medusa | | | | | | 2022 | *| * * * | * _________)/\\_//(\/(/\)/\//\/|_)_______ Aloha elenmirie the Tourist... You turned to stone in The Dungeons of Doom on dungeon level 23 with 144630 points, and 9827 pieces of gold, after 24451 moves. You were level 12 with a maximum of 110 hit points when you turned to stone.